details: 'Four thousand games on rec, all of them orc, and he sucks at orc'

« prev index next »

General information

Mini Map

Players

team 1
Orcwc-130j (teal | 36 APM | 600 actions | 16:52)
Hero icon 4 Dark Ranger
Ability icon 2 Life Drain
Ability icon 2 Black Arrow
Hero icon 3 Tauren Chieftain
Ability icon 1 War Stomp
Ability icon 2 Endurance Aura

» actions
Build / train42
Enter build submenu22
Enter hero's abilities submenu7
Right click279
Select / deselect187
Use ability62
600 total
» units
Peon7
Grunt5
Troll Headhunter/Berserker5
Demolisher3
Goblin Shredder1
Kodo Beast2
23 total
» upgrades
Melee Weapons1
Armor1
Ranged Weapons1
Spiked Barricades1
Witch Doctor Training1
5 total
» buildings
Orc Burrow7
Altar of Storms1
War Mill1
Barracks2
Voodoo Lounge1
Stronghold1
Watch Tower4
Beastiary2
Spirit Lodge2
Great Hall1
Fortress1
23 total
» build order
00:11 Orc Burrow
00:24 Orc Burrow
00:39 Altar of Storms
01:21 War Mill
01:34 Barracks
02:13 Voodoo Lounge
02:34 Orc Burrow
03:03 Barracks
05:33 Orc Burrow
06:31 Stronghold
07:35 Watch Tower
08:31 Watch Tower
08:38 Watch Tower
08:52 Watch Tower
09:43 Orc Burrow
09:58 Orc Burrow
10:05 Orc Burrow
10:21 Beastiary
11:09 Spirit Lodge
13:35 Great Hall
14:27 Fortress
15:09 Spirit Lodge
15:58 Beastiary
» items
Healing Salve2
Lesser Clarity Potion1
3 total
team 2
Human7.22 (blue | 72 APM | 1215 actions | 16:53)
Hero icon 5 Mountain King
Ability icon 3 Storm Bolt
Ability icon 2 Bash
Hero icon 2 Paladin
Ability icon 1 Holy Light
Ability icon 1 Divine Shield

» actions
Assign group hotkey45
Basic commands78
Build / train67
ESC pressed1
Enter build submenu41
Enter hero's abilities submenu8
Give item / drop item9
Right click400
Select / deselect223
Select group hotkey243
Use ability100
1215 total
» units
Peasant17
Footman7
Goblin Shredder1
Rifleman1
Gryphon Rider4
30 total
» upgrades
Defend1
Masonry2
Swords3
Animal War Training1
Storm Hammers1
8 total
» buildings
Altar of Kings1
Barracks1
Farm13
Scout Tower14
Arcane Tower2
Lumber Mill1
Town Hall1
Guard Tower8
Arcane Vault1
Keep1
Blacksmith1
Castle1
Gryphon Aviary3
48 total
» build order
00:06 Altar of Kings
00:12 Barracks
00:31 Farm
01:05 Scout Tower
01:28 Farm
01:49 Arcane Tower
02:08 Farm
02:16 Farm
02:18 Farm
03:38 Lumber Mill
04:18 Scout Tower
04:44 Arcane Tower
04:53 Town Hall
05:50 Farm
06:11 Scout Tower
06:11 Scout Tower
06:12 Scout Tower
06:13 Scout Tower
06:23 Scout Tower
06:24 Scout Tower
06:24 Scout Tower
06:26 Scout Tower
07:03 Guard Tower
07:06 Guard Tower
07:06 Guard Tower
07:24 Guard Tower
07:29 Guard Tower
07:46 Guard Tower
07:50 Scout Tower
07:50 Scout Tower
07:57 Arcane Vault
08:01 Scout Tower
08:02 Scout Tower
08:23 Keep
08:27 Farm
08:33 Guard Tower
09:18 Blacksmith
09:20 Guard Tower
10:52 Castle
10:59 Gryphon Aviary
11:01 Gryphon Aviary
11:08 Gryphon Aviary
11:12 Farm
11:12 Farm
11:12 Farm
13:16 Farm
14:16 Farm
14:34 Farm
» items
Scroll of Regeneration2
Lesser Clarity Potion1
Mechanical Critter2
Boots of Speed1
Periapt of Vitality1
Scroll of Healing1
8 total